 Dungeon Crawl Stone Soup version 0.31-a0-986-g5e6e4ef867 (webtiles) character file.

Game seed: 14215016131935847459

98053 FakeRyeBread the Peltast (level 16, -11/105 HPs)
             Began as a Gargoyle Fighter on Nov 3, 2023.
             Was the Champion of Okawaru.
             Mangled by an Ice Fiend (26 damage)
             ... in an ice cave on Nov 4, 2023.
             The game lasted 01:52:07 (24793 turns).

FakeRyeBread the Peltast (Gargoyle Fighter)        Turns: 24793, Time: 01:52:07

Health: -11/105    AC: 66    Str: 25    XL:     16   Next: 21%
Magic:  22/22      EV:  5    Int:  6    God:    Okawaru [******]
Gold:   226        SH: 14    Dex: 13    Spells: 15/15 levels left

rFire   . . .        N - +7 sceptre of Torment {pain, torment}
rCold   + . .        S - +1 kite shield {reflect}
rNeg    + . .        O - +18 crystal plate armour of Okawaru's Anger {rElec rCorr Int-4}
rPois   ∞            M - +0 helmet "Xojeb" {rF+}
rElec   +            y - +0 cloak {Stlth+}
rCorr   +            K - +1 pair of gloves
SInv    .            f - +2 pair of boots
Will    +....        p - amulet of regeneration Stlth
                     v - +4 ring of protection
HPRegen 1.17/turn    R - ring of protection from cold
MPRegen 0.18/turn

%: reflection
@: flying, slowed, studying Shields, very slow
A: sickness immunity, AC +12, big wings, negative energy resistance 1,
electricity resistance, torment resistance 1, petrification resistance, talons
1, agile 1, heat vulnerability 1
a: Renounce Religion, Heroism, Finesse, Duel


You were in an ice cave.
You worshipped Okawaru.
Okawaru was exalted by your worship.
You visited 5 branches of the dungeon, and saw 23 of its levels.
You also visited: Ice Cave.

You collected 2583 gold pieces.
You spent 2357 gold pieces at shops.

Inventory:

Hand Weapons
 N - the +7 sceptre of Torment (weapon) {pain, torment}
   (Okawaru gifted it to you on level 2 of the Lair of Beasts)
Missiles
 m - 22 throwing nets (quivered)
 q - 53 boomerangs
 I - 7 silver javelins
Armour
 f - a +2 pair of boots (worn)
 y - a +0 cloak of stealth (worn)
 K - a +1 pair of gloves (worn)
 M - the +0 helmet "Xojeb" (worn) {rF+}
   (You found it on level 2 of the Lair of Beasts)

   rF+:       It protects you from fire.
 O - the +18 crystal plate armour of Okawaru's Anger (worn) {rElec rCorr Int-4}
   (Okawaru gifted it to you on level 2 of the Lair of Beasts)

   Int-4:     It affects your intelligence (-4).
   rElec:     It insulates you from electricity.
   rCorr:     It protects you from acid and corrosion.
 S - a +1 kite shield of reflection (worn)
Jewellery
 c - a ring of positive energy
 p - an amulet of regeneration (around neck)
 v - a +4 ring of protection (left hand)
 R - a ring of protection from cold (right hand)
 T - an amulet of reflection
Wands
 a - a wand of quicksilver (11)
 d - a wand of flame (86)
 j - a wand of iceblast (12)
 u - a wand of polymorph (32)
Scrolls
 i - 2 scrolls of brand weapon
 k - 2 scrolls of blinking
 l - a scroll of identify
 z - 5 scrolls of fog
 E - 8 scrolls of teleportation
 G - 3 scrolls of enchant armour
 L - 2 scrolls of poison
 P - a scroll of silence
 Q - a scroll of enchant weapon
Potions
 e - 2 potions of lignification
 h - 4 potions of brilliance
 n - 7 potions of curing
 o - 2 potions of resistance
 r - 3 potions of heal wounds
 s - 3 potions of enlightenment
 w - 3 potions of magic
 x - 4 potions of haste
 A - 2 potions of cancellation
 B - 3 potions of might
 C - 10 potions of ambrosia
 J - 2 potions of berserk rage


   Skills:
 + Level 13.9 Fighting
 - Level 16.0 Maces & Flails
 + Level 7.9 Throwing
 + Level 13.8 Armour
 + Level 16.4 Shields
 + Level 8.7 Invocations


You had 15 spell levels left.
You didn't know any spells.
Your spell library contained the following spells:

 Spells                   Type           Power      Damage    Failure   Level
 Apportation              Tloc           0%         N/A       100%        1
 Freeze                   Ice            0%         1d3       100%        1
 Sting                    Tmut/Pois      0%         1d3       100%        1
 Ensorcelled Hibernation  Hex/Ice        0%         N/A       100%        2
 Jinxbite                 Hex            0%         N/A       100%        2
 Passwall                 Tmut/Erth      0%         N/A       100%        2
 Poisonous Vapours        Pois/Air       0%         N/A       100%        2
 Wereblood                Tmut           0%         N/A       100%        2
 Frozen Ramparts          Ice            0%         1d1       100%        3
 Hailstorm                Conj/Ice       0%         3d3       100%        3
 Swiftness                Air            0%         N/A       100%        3
 Anguish                  Hex/Necr       0%         N/A       100%        4
 Olgreb's Toxic Radiance  Pois           0%         N/A       100%        4
 Passage of Golubria      Tloc           0%         N/A       100%        4
 Alistair's Intoxication  Tmut/Pois      0%         N/A       100%        5
 Borgnjor's Vile Clutch   Necr/Erth      0%         N/A       100%        5
 Irradiate                Conj/Tmut      0%         3d11      100%        5
 Iskenderun's Battlesphe  Conj           0%         2d6       100%        5
 Yara's Violent Unravell  Hex/Tmut       0%         3d3       100%        5
 Bombard                  Conj/Erth      0%         9d1       100%        6
 Conjure Ball Lightning   Conj/Air       0%         3x3d6     100%        6
 Eringya's Noxious Bog    Tmut/Pois      0%         4d6       100%        6
 Ozocubu's Refrigeration  Ice            0%         4d7       100%        7
 Discord                  Hex            0%         N/A       100%        8
 Disjunction              Tloc           0%         N/A       100%        8
 Polar Vortex             Ice            0%         N/A       100%        9
 Tukima's Dance           Hex            Unusable   N/A       N/A         3
 Summon Forest            Summ/Tloc      Unusable   N/A       N/A         5
 Simulacrum               Ice/Necr       Unusable   N/A       N/A         6
 Spellforged Servitor     Conj/Summ      Unusable   N/A       N/A         7
 Summon Hydra             Summ           Unusable   N/A       N/A         7

Dungeon Overview and Level Annotations

Branches:
Dungeon (14/15)            Temple (1/1) D:7            Lair (5/5) D:11
  Swamp (0/4) Lair:3        Snake (1/4) Lair:2        Slime (0/5) Lair:4
    Orc (2/2) D:9             Elf (0/3) Orc:2        Vaults (0/5) D:14
  IceCv (1/1)

Altars:
Ashenzari
Cheibriados
Dithmenos
Elyvilon
Fedhas
Gozag
Hepliaklqana
Kikubaaqudgha
Makhleb
Nemelex Xobeh
Okawaru
Qazlal
Ru
Sif Muna
Trog
Uskayaw
Vehumet
Wu Jian
Xom
Yredelemnul
Zin
The Shining One

Shops:
D:5 [   D:13 [=   D:14 !   Orc:1 *   Orc:2 [:?[

Annotations:
Lair:4 1 runed translucent door


Innate Abilities, Weirdness & Mutations

You are immune to sickness and miasma.
Your stone body is resilient. (AC +12)
You are immune to poison.
Your large and strong wings let you fly.
You resist negative energy. (rN+)
You are resistant to electric shocks. (rElec)
You are resistant to unholy torment.
You are immune to petrification.
You have sharp toenails.
You are agile. (Dex +4, Str/Int -1)
You are vulnerable to heat. (rF-)


Message History

You block the freezing wraith's attack.
The freezing wraith hits you but does no damage.
You feel much better.
You block the anaconda simulacrum's attack.
The anaconda simulacrum constricts you.
You block the anaconda simulacrum's attack.
The anaconda simulacrum constricts you.
The Ice Fiend calls on the powers of darkness!
Your body is wracked with pain!
You block the freezing wraith's attack.
The freezing wraith hits you but does no damage.
The anaconda simulacrum bites you but does no damage.
The anaconda simulacrum constricts you.
You impale the anaconda simulacrum!!
The anaconda simulacrum vaporises!
Okawaru accepts your kill.
The Ice Fiend calls on the powers of darkness!
Your body is wracked with pain!
You block the freezing wraith's attack.
The freezing wraith hits you but does no damage.
You block the freezing wraith's attack.
The freezing wraith hits you but does no damage.
You bludgeon the Ice Fiend!!
The Ice Fiend is lightly wounded.
The Ice Fiend claws you but does no damage. x2
You block the freezing wraith's attack. x2
You hit the Ice Fiend.
The Ice Fiend is moderately wounded.
The Ice Fiend gestures at you. The bolt of cold hits you!! You resist.
* * * LOW HITPOINT WARNING * * *
The freezing wraith hits you but does no damage.
The freezing wraith hits you.
* * * LOW HITPOINT WARNING * * *
The freezing wraith drains your vigour!
You feel as though you will be slow longer.
You feel much better.
The Ice Fiend claws you but does no damage.
The Ice Fiend claws you!
* * * LOW HITPOINT WARNING * * *
The Ice Fiend freezes you!! You resist.
You die...

##...## #..∩..## .. .......#
##1### ...∩...# ..... #.....##
#Z.. # ##...## #..# .. #...##
##### ...# .. ##...#
##...###..#..### ##...#
##.....@1..#.....§§§... ##...##
#.....W##......##☼§§...
#...######....###......##§§#○...
#..##...#.....#........#§§§§§..#
##.°#.....#.....##..####.☼#§§.
##...##.####....##......§☼☼#
###..#### ###..........°#
.#....#.### ####.......##
..........### ######...###


You could see an Ice Fiend and a freezing wraith.

Vanquished Creatures
  A fire giant (Orc:1)
  An orc warlord (Orc:1)
  A very ugly thing (IceCv)
  The ghost of Thrassey the Black Belt, a journeyman DsSh of Jiyva (Lair:5)
  A dire elephant (Lair:5)
  Josephine (Lair:3)
  An ettin (Orc:2)
  The ghost of Uveod the Nimble, a journeyman FeEE of Gozag (Lair:4)
  3 hydras
  Erolcha (Orc:2)
  Harold (Lair:1)
  An ice dragon (Snake:1)
  An ogre mage (Orc:2)
  A catoblepas (Lair:5)
  3 centaur warriors
  A boulder beetle (D:14)
  A deep troll shaman (Lair:5)
  7 two-headed ogres
  9 death yaks
  Nergalle (D:12)
  An obsidian statue (IceCv)
  2 spriggan druids (Lair:3)
  2 arcanists
  3 spriggan simulacra (IceCv)
  5 skeletal warriors (D:13)
  An orc knight (D:14)
  A necromancer (D:14)
  6 ugly things
  2 deep elf pyromancers
  2 mana vipers (Snake:1)
  2 manticores
  11 orc sorcerers
  16 cyclopes
  13 elephants
  3 black mambas (Snake:1)
  2 torpor snails
  7 komodo dragons
  17 cane toads
  2 gargoyles
  3 rime drakes
  An efreet (D:14)
  Psyche (D:8)
  Jeremiah (D:6)
  A kobold demonologist (D:12)
  2 ice devils (IceCv)
  8 freezing wraiths (IceCv)
  An anaconda simulacrum (IceCv)
  A queen bee (Lair:1)
  2 polar bears
  8 trolls
  2 alligator simulacra (IceCv)
  Prince Ribbit (D:7)
  8 blink frogs
  5 large abominations (D:9)
  10 dream sheep
  A slime creature (D:14)
  Sigmund (D:4)
  2 shadows
  38 yaks
  A vampire (D:12)
  11 wyverns
  7 wraiths
  Eustachio (D:4)
  4 vampire mosquitoes (D:13)
  Grum (D:5)
  5 minotaur simulacra (IceCv)
  A basilisk (Lair:4)
  2 fire bats (Orc:1)
  2 steam dragons (D:9)
  A harpy simulacrum (IceCv)
  4 wargs
  4 nagas
  An acid dragon (D:13)
  A water moccasin (shapeshifter) (D:13)
  A hydra simulacrum (IceCv)
  20 water moccasins
  Duvessa (D:4)
  A black bear (D:11)
  22 orc warriors
  An ice beast (D:6)
  9 ogres
  26 wolves
  A phantom (D:5)
  10 centaurs
  7 scorpions
  7 small abominations (D:9)
  14 bullfrogs
  6 gnoll sergeants
  2 deep troll simulacra (IceCv)
  4 wights (D:10)
  Dowan (D:4)
  2 lindwurm simulacra (IceCv)
  38 killer bees
  A howler monkey (D:6)
  13 hounds
  2 jellies
  18 orc priests
  Crazy Yiuf (D:3)
  Terence (D:3)
  3 gnoll boudas
  3 sleepcaps
  Ijyb (D:3)
  2 iguanas
  28 orc wizards
  4 hell rats (Lair:4)
  38 gnolls
  3 adders
  A shadow imp (D:7)
  3 white imps
  2 dart slugs
  79 orcs
  10 ball pythons
  6 endoplasms
  4 giant cockroaches
  7 goblins
  5 hobgoblins
  5 jackals (D:5)
  4 kobolds
  7 quokkas
  2 bats
  2 frilled lizards (D:2)
  3 rats
710 creatures vanquished.

Vanquished Creatures (others)
  2 orc wizards
  An orc (D:12)
3 creatures vanquished.

Grand Total: 713 creatures vanquished

Notes
Turn   | Place    | Note
-------+----------+-------------------------------------------
     0 | D:1      | FakeRyeBread the Gargoyle Fighter began the quest for the
                  | Orb.
     0 | D:1      | Reached XP level 1. HP: 14/14 MP: 1/1
   201 | D:1      | Reached XP level 2. HP: 19/19 MP: 2/2
   683 | D:1      | Found a faded altar of an unknown god.
   926 | D:2      | Reached XP level 3. HP: 23/23 MP: 3/3
  1560 | D:3      | Noticed Terence
  1562 | D:3      | Noticed Ijyb
  1571 | D:3      | Killed Terence
  1572 | D:3      | Reached XP level 4. HP: 12/29 MP: 4/4
  1584 | D:3      | Killed Ijyb
  1878 | D:3      | Found a runed translucent door.
  1879 | D:3      | Noticed Crazy Yiuf
  2064 | D:3      | Killed Crazy Yiuf
  2065 | D:3      | Reached XP level 5. HP: 17/33 MP: 5/5
  2340 | D:4      | Reached XP level 6. HP: 27/39 MP: 6/6
  2549 | D:4      | Identified the +0 ring mail of Gopleyl {Harm rF++}
  2720 | D:4      | Noticed Eustachio
  2806 | D:4      | Killed Eustachio
  2810 | D:4      | Noticed Duvessa
  2911 | D:4      | Killed Duvessa
  2912 | D:4      | Reached skill level 5 in Maces & Flails
  2912 | D:4      | Reached XP level 7. HP: 41/44 MP: 7/7
  2928 | D:4      | Noticed Dowan
  2955 | D:4      | Killed Dowan
  3253 | D:4      | Reached skill level 5 in Fighting
  3253 | D:4      | Reached skill level 5 in Armour
  3253 | D:4      | Reached skill level 5 in Shields
  3341 | D:4      | Noticed Sigmund
  3371 | D:4      | Killed Sigmund
  3577 | D:5      | Entered Level 5 of the Dungeon
  3589 | D:5      | Reached XP level 8. HP: 46/50 MP: 8/8
  3806 | D:5      | Noticed Grum
  3816 | D:5      | Killed Grum
  3899 | D:5      | Found an ornate altar of the Wu Jian Council.
  4275 | D:5      | Found Fanoh's Armour Shop.
  4289 | D:5      | Reached XP level 9. HP: 56/56 MP: 9/9
  5778 | D:6      | Noticed Jeremiah
  6207 | D:6      | Killed Jeremiah
  6439 | D:6      | Found a broken altar of Ashenzari.
  6509 | D:6      | Reached XP level 10. HP: 63/63 MP: 10/10
  6989 | D:7      | Found a staircase to the Ecumenical Temple.
  7023 | Temple   | Entered the Ecumenical Temple
  7060 | Temple   | Became a worshipper of Warmaster Okawaru
  7322 | D:7      | Noticed Prince Ribbit
  7364 | D:7      | Killed Prince Ribbit
  7725 | D:8      | Noticed Psyche
  7751 | D:8      | Paralysed by something for 4 turns
  7786 | D:8      | Killed Psyche
  7938 | D:8      | Reached * piety under Okawaru
  8352 | D:8      | Reached skill level 10 in Maces & Flails
  8352 | D:8      | Reached skill level 1 in Invocations
  8376 | D:9      | Noticed a gargoyle
  8527 | D:9      | Noticed a two-headed ogre
  8547 | D:9      | Killed a two-headed ogre
  8547 | D:9      | Reached ** piety under Okawaru
  8692 | D:8      | Killed a gargoyle
  8707 | D:9      | Found a staircase to the Orcish Mines.
  8872 | D:9      | Reached XP level 11. HP: 67/69 MP: 12/12
  8951 | D:9      | Reached *** piety under Okawaru
  8971 | D:9      | Noticed an arcanist
  8993 | D:9      | Killed an arcanist
  9003 | D:9      | Noticed a large abomination
  9003 | D:9      | Noticed a large abomination
  9003 | D:9      | Noticed a large abomination
  9130 | D:9      | Killed a large abomination
  9130 | D:9      | Reached **** piety under Okawaru
  9146 | D:9      | Killed a large abomination
  9224 | D:9      | Killed a large abomination
  9549 | D:10     | Entered Level 10 of the Dungeon
  9582 | D:10     | Found a radiant altar of Vehumet.
  9703 | D:10     | Noticed a two-headed ogre
  9728 | D:10     | Killed a two-headed ogre
  9728 | D:10     | Reached ***** piety under Okawaru
 10237 | D:10     | Found a snail-covered altar of Cheibriados.
 10542 | D:11     | Noticed a cyclops
 10554 | D:11     | Killed a cyclops
 10597 | D:11     | Reached XP level 12. HP: 77/77 MP: 15/15
 10639 | D:10     | Reached skill level 5 in Invocations
 10770 | D:11     | Received a gift from Okawaru
 10824 | D:11     | Reached skill level 10 in Armour
 10880 | D:11     | Reached skill level 10 in Fighting
 10880 | D:11     | Found a staircase to the Lair.
 10980 | D:11     | Reached skill level 1 in Throwing
 10997 | D:11     | Reached skill level 10 in Shields
 11026 | D:11     | Noticed a two-headed ogre
 11039 | D:11     | Killed a two-headed ogre
 11088 | D:11     | Noticed a two-headed ogre
 11106 | D:11     | Killed a two-headed ogre
 11252 | D:11     | Identified a scroll of acquirement
 11252 | D:11     | Acquired a manual of Shields
 11373 | D:12     | Found a stormy altar of Qazlal.
 11539 | D:12     | Gained mutation: Your body sometimes deteriorates upon
                  | taking damage. [a neqoxec]
 11988 | D:12     | Lost mutation: Your body sometimes deteriorates upon taking
                  | damage. [potion of mutation]
 11988 | D:12     | Gained mutation: You are agile. (Dex +4, Str/Int -1)
                  | [potion of mutation]
 11988 | D:12     | Gained mutation: You have a pair of small horns on your
                  | head. [potion of mutation]
 11994 | D:12     | Lost mutation: You have a pair of small horns on your head.
                  | [potion of mutation]
 11994 | D:12     | Lost mutation: You are agile. (Dex +4, Str/Int -1) [potion
                  | of mutation]
 11994 | D:12     | Gained mutation: You are clumsy. (Dex -2) [potion of
                  | mutation]
 11994 | D:12     | Gained mutation: You are somewhat resistant to further
                  | mutation. [potion of mutation]
 12140 | D:12     | Received a gift from Okawaru
 12345 | D:12     | Noticed Nergalle
 12372 | D:12     | Killed Nergalle
 12855 | Lair:1   | Entered Level 1 of the Lair of Beasts
 13247 | Lair:1   | Found a glowing golden altar of the Shining One.
 13620 | Lair:1   | Reached XP level 13. HP: 80/83 MP: 16/16
 13668 | Lair:1   | Identified the +1 leather armour of the Crushed People
                  | {Contam rElec rCorr Int+8}
 13792 | Lair:1   | Noticed Harold
 13848 | Lair:1   | Killed Harold
 14369 | Lair:2   | Received a gift from Okawaru
 14430 | Lair:2   | Identified the +0 helmet "Xojeb" {rF+}
 14960 | Lair:2   | Found a staircase to the Snake Pit.
 15132 | Lair:2   | Reached ****** piety under Okawaru
 15175 | Lair:2   | Acquired the +7 sceptre of Torment {pain, torment}
 15175 | Lair:2   | Received a gift from Okawaru
 15175 | Lair:2   | Found the +7 sceptre of Torment {pain, torment}
 15178 | Lair:2   | Acquired the +18 crystal plate armour of Okawaru's Anger
                  | {rElec rCorr Int-4}
 15178 | Lair:2   | Received a gift from Okawaru
 15435 | Lair:3   | Received a gift from Okawaru
 15726 | Lair:3   | Noticed Josephine
 15740 | Lair:3   | Killed Josephine
 15909 | Lair:3   | Reached skill level 5 in Throwing
 15934 | Lair:3   | Found a staircase to the Swamp.
 16208 | Lair:3   | Upgraded the game from 0.31-a0-983-g7b6862f502 to
                  | 0.31-a0-986-g5e6e4ef867
 16226 | Lair:4   | Noticed Uveod's ghost (journeyman FeEE)
 16229 | Lair:4   | Found a runed translucent door.
 16297 | Lair:4   | Killed Uveod's ghost
 16324 | Lair:4   | Gained mutation: Your large and strong wings let you fly.
                  | [Gargoyle growth]
 16324 | Lair:4   | Reached XP level 14. HP: 91/91 MP: 17/17
 16421 | Lair:4   | Received a gift from Okawaru
 16981 | Lair:4   | Found a runed translucent door.
 16982 | Lair:4   | Noticed an azure jelly
 16982 | Lair:4   | Noticed an azure jelly
 16983 | Lair:4   | Noticed an azure jelly
 17098 | Lair:4   | Noticed an azure jelly
 17099 | Lair:4   | Found a staircase to the Slime Pits.
 17256 | Lair:5   | Entered Level 5 of the Lair of Beasts
 17263 | Lair:5   | Reached skill level 15 in Maces & Flails
 17276 | Lair:5   | Found a runed translucent door.
 17281 | Lair:5   | Received a gift from Okawaru
 17353 | Lair:5   | Identified the +6 quarterstaff of Umecs {freeze, Fragile
                  | rF+++ Dex+3 Stlth+}
 17601 | Lair:5   | Identified the +5 rapier of Cowardice {heavy, rElec rPois
                  | Will-}
 17726 | Lair:5   | Received a gift from Okawaru
 17837 | Lair:5   | Noticed a dire elephant
 17854 | Lair:5   | Killed a dire elephant
 18283 | Lair:5   | Noticed Thrassey's ghost (journeyman DsSh)
 18297 | Lair:5   | Killed Thrassey's ghost
 18534 | D:12     | Received a gift from Okawaru
 18699 | D:13     | Reached XP level 15. HP: 97/97 MP: 19/19
 18857 | D:13     | Found Gatij's Armour Emporium.
 18869 | D:13     | Bought a +1 kite shield of reflection for 189 gold pieces
 18975 | D:13     | Found Lumiog's Jewellery Boutique.
 18978 | D:13     | Bought a ring of positive energy for 280 gold pieces
 18978 | D:13     | Bought a ring of protection from cold for 350 gold pieces
 18978 | D:13     | Bought an amulet of reflection for 420 gold pieces
 19139 | D:14     | Found a hide-covered altar of Uskayaw.
 19350 | D:14     | Found Sywuxt Xoacw's Distillery.
 19358 | D:14     | Bought a potion of curing for 36 gold pieces
 19358 | D:14     | Bought 2 potions of curing for 72 gold pieces
 19358 | D:14     | Bought a potion of heal wounds for 60 gold pieces
 19358 | D:14     | Bought a potion of curing for 36 gold pieces
 19358 | D:14     | Bought a potion of haste for 120 gold pieces
 19427 | D:14     | Received a gift from Okawaru
 19546 | D:14     | Reached skill level 15 in Shields
 19721 | D:14     | Found a gate to the Vaults.
 20200 | Orc:1    | Entered Level 1 of the Orcish Mines
 20423 | Orc:1    | Found Anatt's Alliterative Armaments.
 20508 | Orc:1    | Received a gift from Okawaru
 20593 | Orc:1    | Noticed a fire giant
 20616 | Orc:1    | Killed a fire giant
 20640 | Orc:1    | Found the +5 scythe "Finisher" {speed, execute}
 20647 | Orc:1    | Identified the +4 short sword "Grim Tooth" {heavy, rC-
                  | Str+4 Stlth+}
 21061 | Orc:1    | Identified the ring "Bouwucre" {*Corrode rC+ Will+ Str+4}
 21153 | Orc:2    | Entered Level 2 of the Orcish Mines
 21427 | Orc:2    | Found a staircase to the Elven Halls.
 21508 | Orc:2    | Paralysed by an orc sorcerer for 3 turns
 21531 | Orc:2    | Gained mutation: You are very clumsy. (Dex -4) [a neqoxec]
 21542 | Orc:2    | Paralysed by an orc sorcerer for 3 turns
 21552 | Orc:2    | Paralysed by an orc sorcerer for 5 turns
 21582 | Orc:2    | Noticed an orc warlord
 21986 | Orc:2    | Received a gift from Okawaru
 22168 | Orc:1    | Killed an orc warlord
 22666 | Orc:2    | Paralysed by an orc sorcerer for 5 turns
 22681 | Orc:2    | Paralysed by an ogre mage for 3 turns
 22723 | Orc:2    | Lost mutation: You are very clumsy. (Dex -4) [potion of
                  | mutation]
 22723 | Orc:2    | Lost mutation: You are somewhat resistant to further
                  | mutation. [potion of mutation]
 22723 | Orc:2    | Lost mutation: You are clumsy. (Dex -2) [potion of
                  | mutation]
 22723 | Orc:2    | Gained mutation: You sometimes lose your temper in combat.
                  | [potion of mutation]
 22723 | Orc:2    | Gained mutation: You are agile. (Dex +4, Str/Int -1)
                  | [potion of mutation]
 22724 | Orc:2    | Lost mutation: You sometimes lose your temper in combat.
                  | [potion of mutation]
 22724 | Orc:2    | Lost mutation: You are agile. (Dex +4, Str/Int -1) [potion
                  | of mutation]
 22724 | Orc:2    | Gained mutation: You have sharp toenails. [potion of
                  | mutation]
 22724 | Orc:2    | Gained mutation: You are vulnerable to heat. (rF-) [potion
                  | of mutation]
 22724 | Orc:2    | Gained mutation: You are agile. (Dex +4, Str/Int -1)
                  | [potion of mutation]
 22797 | Orc:2    | Found a radiant altar of Vehumet.
 22797 | Orc:2    | Noticed Erolcha
 22811 | Orc:2    | Killed Erolcha
 22824 | Orc:2    | Found Jetof's Antique Armour Shop.
 22842 | Orc:2    | Found an ancient bone altar of Kikubaaqudgha.
 22843 | Orc:2    | Paralysed by an orc sorcerer for 3 turns
 22964 | Orc:2    | Found Esocen Kuyrch's Magic Scroll Boutique.
 22972 | Orc:2    | Found Ijuacoot's Antique Armour Boutique.
 22977 | Orc:2    | Found Haipawil's Book Shop.
 23017 | Orc:2    | Bought a polished plate armour for 560 gold pieces
 23017 | Orc:2    | Identified the +2 plate armour "Juyj" {-Cast Harm rCorr
                  | SInv} (You bought it in a shop on level 2 of the Orcish
                  | Mines)
 23017 | Orc:2    | Bought an embroidered cloak for 150 gold pieces
 23054 | Orc:2    | Bought a scroll of identify for 28 gold pieces
 23054 | Orc:2    | Bought a scroll of identify for 28 gold pieces
 23054 | Orc:2    | Bought a scroll of identify for 28 gold pieces
 24311 | Snake:1  | Entered Level 1 of the Snake Pit
 24446 | Snake:1  | Reached XP level 16. HP: 102/105 MP: 22/22
 24469 | Snake:1  | Found a frozen archway.
 24493 | IceCv    | Entered an ice cave
 24543 | IceCv    | Received a gift from Okawaru
 24773 | IceCv    | Noticed an Ice Fiend
 24793 | IceCv    | Mangled by an Ice Fiend

Illustrated notes

Levels and vault maps discovered:
D:1:      dpeg_arrival_shelter, layout_basic,
          ebering_ecumenical_altar_abandoned, nrook_mini_vaults
D:2:      minmay_angry_zag, layout_loops_cross, st_stairs_6
D:3:      layout_rooms, uniq_crazy_yiuf_cottage, uniq_terence, uniq_ijyb
D:4:      layout_basic, uniq_sigmund, uniq_eustachio, uniq_duvessa
D:5:      layout_cave_pools, overflow_temple_1_default, serial_shops, shop,
          serial_gnoll_camp, gnoll_camp_medium_02, gnoll_camp_huts_moat,
          grums_kennel, gnoll_camp_mini_hut, gnoll_camp_medium_01,
          gnoll_camp_mini_loothouse
D:6:      layout_basic, lemuel_tele_altar, uniq_jeremiah
D:7:      layout_loops_ring, temple_pool_b, uniq_prince_ribbit1
D:8:      layout_basic, nicolae_zig_zag_zippers, uniq_psyche, uniq_grum
D:9:      layout_loops_ring, david_orc_2, laboratory
D:10:     layout_basic, nicolae_vehumet_radiance, amcnicky_altar_gilded
D:11:     layout_rooms, due_lair_maze_entry_diamond
D:12:     layout_roguey [special_room_orc], grunt_qazlal_clouds, uniq_nergalle
D:13:     layout_cave_pools, serial_shops, shop,
          nicolae_shop_tiny_real_fake_doors
D:14:     layout_gridville, david_vaults_1, serial_shops, shop,
          nicolae_uskayaw_dance_hall, st_stairs_2, dk_noncrumbling_4
Temple:   nicolae_temple_bog_church
Lair:1:   layout_cave_pods, serial_rivers, chequers_serial_rivers_micro_e,
          chequers_serial_rivers_micro_b, chequers_serial_rivers_large_a,
          chequers_serial_rivers_micro_d, special_room [special_room_bee],
          basic_altar, infiniplex_staircase_pool_2, uniq_harold
Lair:2:   layout_hall_layers, guppyfry_snake_entry_garden, serial_bayou_shore_a,
          grunt_megastairs_3
Lair:3:   layout_roguey, mainiacjoe_swamp_entry_angry_trees, uniq_josephine
Lair:4:   layout_concentric_octagons, slime_entry_2,
          hellmonk_ghost_happy_afterlife, beast_lair_carwin_10
Lair:5:   grunt_lair_end_beastmaster, layout_cellular_growth,
          ebering_ghost_reflecting_pool
Snake:1:  layout_chambers, portal_ice_cave_entry_dragon
Orc:1:    giant_chief_lemuel, layout_diamond_mine, monkooky_shop_alliterative
Orc:2:    kennysheep_orc_mage_school, layout_caves
IceCv:    ice_cave_small_demon

Skill      XL: |  1  2  3  4  5  6  7  8  9 10 11 12 13 14 15 |
---------------+----------------------------------------------+-----
Maces & Flails | 3 4 5 7 8 10 11 13 14 15 16 | 16.0
Fighting       | 4 5 6 7 8 9 10 11 12 13 | 13.9
Armour         | 4 5 6 7 8 9 10 11 12 13 | 13.8
Shields        | 4 5 6 7 8 9 11 12 14 16 | 16.4
Invocations    | 2 4 5 6 8 |  8.7
Throwing       | 3 5 6 7 |  7.9

Action                     |  1- 3 |  4- 6 |  7- 9 | 10-12 | 13-15 | 16-18 || total
---------------------------+-------+-------+-------+-------+-------+-------++-------
  Melee: Flail             |   106 |   182 |   548 |   469 |       |       ||  1305
         Unarmed           |       |       |       |     9 |       |       ||     9
         Whip              |       |       |       |   728 |   286 |       ||  1014
         Eveningstar       |       |       |       |       |  1017 |   131 ||  1148
  Throw: Throwing net      |       |       |     1 |     1 |       |       ||     2
 Invoke: Receive Weapon    |       |       |       |       |     1 |       ||     1
         Receive Armour    |       |       |       |       |     1 |       ||     1
         Heroism           |       |       |       |       |     2 |       ||     2
         Finesse           |       |       |       |       |     1 |       ||     1
    Use: Scroll            |     8 |       |     5 |    10 |     7 |       ||    30
         Potion            |       |     3 |       |     3 |     2 |     3 ||    11
   Stab: Petrified         |       |       |       |       |     1 |       ||     1
 Armour: Scale mail        |    29 |       |       |       |       |       ||    29
         Chain mail        |    38 |   174 |   468 |   218 |       |       ||   898
         Plate armour      |       |       |       |   597 |   152 |       ||   749
         Skin              |       |       |       |    13 |       |       ||    13
         Crystal plate arm |       |       |       |       |  1070 |   143 ||  1213
  Dodge: Dodged            |    49 |    89 |   209 |   294 |   256 |    11 ||   908
  Block: Buckler           |    23 |    50 |   137 |   233 |   223 |       ||   666
         Kite shield       |       |       |       |       |   284 |    86 ||   370
         Reflection        |       |       |       |       |    21 |       ||    21

Table legend: (Time is in decaauts)
 A = Elapsed time spent in this place.
 B = Non-inter-level travel time spent in this place.
 C = Inter-level travel time spent in this place.
 D = Time resting spent in this place.
 E = Time spent auto-exploring this place.
 F = Levels seen in this place.
 G = Mean time per level.
                   A        B        C        D        E       F      G
               +--------+--------+--------+--------+--------+-----+--------+
         Total |  24159 |  18513 |   5646 |   1920 |   9731 |  24 | 1006.6 |
       Dungeon |  14346 |  11818 |   2528 |   1483 |   6096 |  14 | 1024.7 |
        Temple |     54 |      3 |     51 |      0 |      0 |   1 |   54.0 |
          Lair |   5408 |   4390 |   1018 |      0 |   2979 |   5 | 1081.6 |
     Snake Pit |    170 |     65 |    105 |      0 |      0 |   1 |  170.0 |
  Orcish Mines |   3902 |   1959 |   1943 |    425 |    656 |   2 | 1951.0 |
      Ice Cave |    276 |    276 |      0 |     12 |      0 |   1 |  276.0 |
               +--------+--------+--------+--------+--------+-----+--------+

Top non-repeatable levels by time:
   Orc:2: 2284 daAuts
     D:5: 1879 daAuts
     D:4: 1707 daAuts
   Orc:1: 1618 daAuts
    D:12: 1478 daAuts
  Lair:1: 1364 daAuts
     D:6: 1129 daAuts
  Lair:5: 1125 daAuts
  Lair:2: 1090 daAuts
    D:10: 1059 daAuts
     D:9: 1056 daAuts
  Lair:4: 1024 daAuts
    D:14: 938 daAuts
     D:8: 835 daAuts
  Lair:3: 804 daAuts
